[Event "IND-ch Senior Open 2019"]
[Site "Mazitar"]
[Date "2019.12.11"]
[Round "3.16"]
[White "Akash G"]
[Black "Harshita Guddanti"]
[Result "1-0"]
[ECO "B75"]
[WhiteElo "2431"]
[BlackElo "2042"]
[Annotator "ChessBase"]
[PlyCount "63"]
[EventDate "2018.12.08"]
[EventType "swiss"]
[EventRounds "11"]
[EventCountry "IND"]
[SourceTitle "playchess.com"]
[Source "ChessBase"]
[SourceQuality "1"]
[TimeControl "40/5400+30:1800+30"]

1. e4 c5 2. Nf3 d6 3. d4 cxd4 4. Nxd4 Nf6 5. Nc3 g6 6. Be3 Bg7 7. f3 Nc6 8. Qd2 h5 9. O-O-O Bd7 10. Kb1 Rb8 11. h3 a6 12. Nd5 b5 13. Nxc6 Bxc6 14. Bd4 Bxd5 15. exd5 Qd7 16. g4 hxg4 17. fxg4 Kf8 18. Bg2 Kg8 19. Rhf1 Rh7 20. Rde1 Bf8 21. Qf2 Ne8 22. Be4 Nc7 23. h4 e5 24. dxe6 Nxe6 25. h5 Nxd4 26. hxg6 fxg6 27. Qxd4 Qg7 28. Qd3 Rd8 29. Bxg6 Rh6 30. g5 Rh2 31. Qd5+ Kh8 32. Rh1 1-0

[Event "IND-ch Senior Open 2019"]
[Site "Mazitar"]
[Date "2019.12.11"]
[Round "3.17"]
[White "Jinan Jomon"]
[Black "Neelotpal, Das"]
[Result "0-1"]
[ECO "C48"]
[WhiteElo "2039"]
[BlackElo "2430"]
[Annotator "ChessBase"]
[PlyCount "59"]
[EventDate "2018.12.08"]
[EventType "swiss"]
[EventRounds "11"]
[EventCountry "IND"]
[SourceTitle "playchess.com"]
[Source "ChessBase"]
[SourceQuality "1"]
[TimeControl "40/5400+30:1800+30"]

1. e4 e5 2. Nf3 Nc6 3. Nc3 Nf6 4. Bb5 Nd4 5. Bc4 Bc5 6. d3 d6 7. Nxd4 Bxd4 8. Be3 O-O 9. O-O Be6 10. Bxe6 fxe6 11. Ne2 Bxe3 12. fxe3 Ng4 13. Rxf8+ Qxf8 14. Nf4 h5 15. h3 exf4 16. hxg4 fxe3 17. Qe2 hxg4 18. Rf1 Qe7 19. Qxg4 b6 20. Qf3 Rf8 21. Qxf8+ Qxf8 22. Rxf8+ Kxf8 23. Kf1 Kf7 24. Ke2 Kf6 25. Kxe3 Kg5 26. Kf3 c5 27. a3 d5 28. exd5 exd5 29. c3 c4 30. d4 0-1

[Event "IND-ch Senior Open 2019"]
[Site "Mazitar"]
[Date "2019.12.11"]
[Round "3.18"]
[White "Kunte, Abhijit"]
[Black "Sinha, Sudhir Kumar"]
[Result "1-0"]
[ECO "E15"]
[WhiteElo "2467"]
[BlackElo "2033"]
[Annotator "ChessBase"]
[PlyCount "51"]
[EventDate "2018.12.08"]
[EventType "swiss"]
[EventRounds "11"]
[EventCountry "IND"]
[SourceTitle "playchess.com"]
[Source "ChessBase"]
[SourceQuality "1"]
[TimeControl "40/5400+30:1800+30"]

1. d4 Nf6 2. c4 e6 3. Nf3 b6 4. g3 Ba6 5. Qc2 Bb4+ 6. Bd2 Be7 7. Bg2 O-O 8. O-O d5 9. Ne5 Bb7 10. cxd5 exd5 11. Nc3 a6 12. Rfd1 h6 13. Rac1 Nbd7 14. Qb3 c6 15. e4 Nb8 16. Bf4 dxe4 17. d5 cxd5 18. Nxe4 Nbd7 19. Nxd7 Nxd7 20. Bc7 Qc8 21. Nd6 Bxd6 22. Bxd6 Qd8 23. Bxf8 Qxf8 24. Rc7 Bc8 25. Qxd5 Rb8 26. Rxd7 1-0

[Event "IND-ch Senior Open 2019"]
[Site "Mazitar"]
[Date "2019.12.11"]
[Round "3.20"]
[White "Priyanka, Kumari"]
[Black "Ravi, Teja S."]
[Result "1/2-1/2"]
[ECO "B10"]
[WhiteElo "1874"]
[BlackElo "2455"]
[Annotator "ChessBase"]
[PlyCount "62"]
[EventDate "2018.12.08"]
[EventType "swiss"]
[EventRounds "11"]
[EventCountry "IND"]
[SourceTitle "playchess.com"]
[Source "ChessBase"]
[SourceQuality "1"]
[TimeControl "40/5400+30:1800+30"]

1. e4 c6 2. Nf3 d5 3. Nc3 dxe4 4. Nxe4 Nf6 5. Qe2 Nxe4 6. Qxe4 Qa5 7. Bc4 Bf5 8. Qe2 Nd7 9. Nd4 Bg6 10. O-O Qe5 11. Qxe5 Nxe5 12. Bb3 O-O-O 13. Ne2 e6 14. d4 Ng4 15. Bg5 Nf6 16. Rad1 c5 17. c3 cxd4 18. Rxd4 Rxd4 19. Nxd4 Bc5 20. Nf3 h6 21. Bf4 Nh5 22. Be5 Rd8 23. Rd1 Rxd1+ 24. Bxd1 Nf6 25. Bd4 Bxd4 26. Nxd4 Bb1 27. Nb5 Bxa2 28. Nd6+ Kc7 29. Nxf7 Nd7 30. f4 Nc5 31. Ne5 a5 1/2-1/2

[Event "IND-ch Senior Open 2019"]
[Site "Mazitar"]
[Date "2019.12.11"]
[Round "3.21"]
[White "Anustoop Biswas"]
[Black "Bakre, Tejas"]
[Result "1/2-1/2"]
[ECO "B23"]
[WhiteElo "2087"]
[BlackElo "2445"]
[Annotator "ChessBase"]
[PlyCount "74"]
[EventDate "2018.12.08"]
[EventType "swiss"]
[EventRounds "11"]
[EventCountry "IND"]
[SourceTitle "playchess.com"]
[Source "ChessBase"]
[SourceQuality "1"]
[TimeControl "40/5400+30:1800+30"]

1. e4 c5 2. Nc3 Nc6 3. f4 g6 4. Nf3 Bg7 5. Bb5 Nd4 6. O-O Nxb5 7. Nxb5 d5 8. exd5 a6 9. Nc3 Nf6 10. d4 Nxd5 11. dxc5 Nxc3 12. Qxd8+ Kxd8 13. bxc3 Bxc3 14. Rb1 Ke8 15. Rb3 Ba5 16. Ne5 f6 17. Nc4 Bc7 18. Nb6 Bxb6 19. Rxb6 Kf7 20. Re1 Rd8 21. Be3 Rd7 22. Reb1 Rc7 23. R1b2 Ke8 24. a3 Rc6 25. Rxc6 bxc6 26. Bd2 Bf5 27. Ba5 Kf7 28. Rb6 Be4 29. Kf2 h6 30. g3 g5 31. Ke3 Bg2 32. c4 f5 33. Rb2 Bh1 34. Bc7 g4 35. Rb8 Ra7 36. Bb6 Rd7 37. Rd8 Rxd8 1/2-1/2

[Event "IND-ch Senior Open 2019"]
[Site "Mazitar"]
[Date "2019.12.12"]
[Round "4.8"]
[White "Vishnu Prasanna. V"]
[Black "Girinath, P.D.S."]
[Result "0-1"]
[ECO "C07"]
[WhiteElo "2493"]
[BlackElo "2330"]
[Annotator "ChessBase"]
[PlyCount "82"]
[EventDate "2018.12.08"]
[EventType "swiss"]
[EventRounds "11"]
[EventCountry "IND"]
[SourceTitle "playchess.com"]
[Source "ChessBase"]
[SourceQuality "1"]
[TimeControl "40/5400+30:1800+30"]

1. e4 e6 2. d4 d5 3. Nd2 c5 4. c3 cxd4 5. cxd4 Nc6 6. Ngf3 dxe4 7. Nxe4 Be7 8. Bd3 Nf6 9. O-O O-O 10. a3 Bd7 11. Qe2 Qb6 12. Rd1 Rfd8 13. Nxf6+ Bxf6 14. Be3 Ne7 15. Ne5 Be8 16. d5 Qc7 17. d6 Rxd6 18. Ng4 Rd5 19. Rac1 Bc6 20. Nxf6+ gxf6 21. Bb1 Rxd1+ 22. Qxd1 Qe5 23. Rc4 Ng6 24. Rd4 Bd5 25. h4 h5 26. Qc1 f5 27. Rd1 Qg7 28. Bh6 Qe5 29. Qg5 Qe2 30. Rxd5 exd5 31. Bxf5 Qe7 32. Qxe7 Nxe7 {[%emt 0:01:00] -error} 33. Bd3 f6 34. Be3 Kg7 35. Be2 Kg6 36. Bd3+ Kf7 37. Be2 Kg6 38. Bd3+ Kg7 39. f3 Nc6 40. g4 Ne5 41. Be2 Nxg4 0-1

[Event "IND-ch Senior Open 2019"]
[Site "Mazitar"]
[Date "2019.12.12"]
[Round "4.9"]
[White "Sriram, Jha"]
[Black "Anurag, Mhamal"]
[Result "0-1"]
[ECO "A05"]
[WhiteElo "2384"]
[BlackElo "2490"]
[Annotator "ChessBase"]
[PlyCount "96"]
[EventDate "2018.12.08"]
[EventType "swiss"]
[EventRounds "11"]
[EventCountry "IND"]
[SourceTitle "playchess.com"]
[Source "ChessBase"]
[SourceQuality "1"]
[TimeControl "40/5400+30:1800+30"]

1. Nf3 Nf6 2. g3 c5 3. c4 Nc6 4. Bg2 e5 5. Nc3 g6 6. O-O Bg7 7. e3 O-O 8. d4 d6 9. d5 Na5 10. Nd2 Bg4 11. f3 Bd7 12. a3 Rc8 13. Qc2 h5 14. Rb1 Bh6 15. Qd3 b5 16. b3 a6 17. Bb2 Bf5 18. e4 Bd7 19. f4 h4 20. Nd1 hxg3 21. hxg3 Nh5 22. fxe5 Qg5 23. Bc3 Nb7 24. exd6 Nxd6 25. Kh2 Rb8 26. Rf2 bxc4 27. bxc4 Rxb1 28. Nxb1 f5 29. Nd2 f4 30. gxf4 Qh4+ 31. Kg1 Nxf4 32. Qf1 Bh3 33. Nf3 Qg3 34. Be5 Nxe4 35. Rb2 Bxg2 36. Rxg2 Nh3+ 37. Kh1 Rxf3 38. Qe2 Nef2+ 39. Nxf2 Nxf2+ 40. Kg1 Nh3+ 41. Kh1 Qh4 42. Bh2 Re3 43. Rxg6+ Kf7 44. Qc2 Nf2+ 45. Kg1 Re1+ 46. Kg2 Qh3+ 47. Kxf2 Rf1+ 48. Ke2 Qf3# 0-1

[Event "IND-ch Senior Open 2019"]
[Site "Mazitar"]
[Date "2019.12.12"]
[Round "4.10"]
[White "Vignesh N R"]
[Black "Senthil Maran K"]
[Result "1/2-1/2"]
[ECO "B14"]
[WhiteElo "2475"]
[BlackElo "2305"]
[Annotator "ChessBase"]
[PlyCount "76"]
[EventDate "2018.12.08"]
[EventType "swiss"]
[EventRounds "11"]
[EventCountry "IND"]
[SourceTitle "playchess.com"]
[Source "ChessBase"]
[SourceQuality "1"]
[TimeControl "40/5400+30:1800+30"]

1. e4 c6 2. d4 d5 3. exd5 cxd5 4. c4 Nf6 5. Nc3 g6 6. Nf3 Bg7 7. h3 O-O 8. Be2 Nc6 9. O-O dxc4 10. Bxc4 Na5 11. Bd3 Be6 12. Bg5 Rc8 13. Re1 Nc6 14. Bc2 Bd5 15. Nxd5 Nxd5 16. Bb3 h6 17. Bd2 e6 18. Rc1 Qd6 19. Qe2 Nde7 20. Rcd1 Rfd8 21. Bc1 Kh7 22. Qe4 Qb4 23. Bd2 Qb6 24. Be3 Nd5 25. Bg5 Rd7 26. Qh4 Nde7 27. Bxe7 Nxe7 28. Ng5+ Kg8 29. Nxe6 Nf5 30. Qg4 Re8 31. Ba4 h5 32. Qf4 Bh6 33. Qf3 Nxd4 34. Qd3 Nf3+ 35. Qxf3 Rxd1 36. Bxd1 Rxe6 37. Rxe6 Qxe6 38. Bb3 Qe7 1/2-1/2

[Event "IND-ch Senior Open 2019"]
[Site "Mazitar"]
[Date "2019.12.12"]
[Round "4.11"]
[White "Muthaiah AL"]
[Black "Kunte, Abhijit"]
[Result "1-0"]
[ECO "E11"]
[WhiteElo "2363"]
[BlackElo "2467"]
[Annotator "ChessBase"]
[PlyCount "73"]
[EventDate "2018.12.08"]
[EventType "swiss"]
[EventRounds "11"]
[EventCountry "IND"]
[SourceTitle "playchess.com"]
[Source "ChessBase"]
[SourceQuality "1"]
[TimeControl "40/5400+30:1800+30"]

1. d4 Nf6 2. c4 e6 3. Nf3 Bb4+ 4. Bd2 a5 5. g3 d5 6. Qc2 O-O 7. Bg2 c6 8. O-O Be7 9. Rd1 Nbd7 10. Bf4 Nh5 11. Bc1 b5 12. b3 Ba6 13. Nbd2 Nhf6 14. Bb2 Rc8 15. c5 b4 16. e3 Qc7 17. a3 Bb5 18. axb4 axb4 19. Ne1 e5 20. Nd3 e4 21. Nxb4 Ng4 22. Nb1 f5 23. Nc3 Rb8 24. Nbxd5 cxd5 25. Nxd5 Qd8 26. c6 Ndf6 27. Nxe7+ Qxe7 28. Ba3 Qf7 29. Bxf8 Nxh2 30. c7 Rc8 31. Ra8 Rxa8 32. c8=Q Rxc8 33. Qxc8 Qh5 34. Be7+ Kf7 35. Bxf6 Qxd1+ 36. Kxh2 Kxf6 37. Qd8+ 1-0

[Event "IND-ch Senior Open 2019"]
[Site "Mazitar"]
[Date "2019.12.12"]
[Round "4.12"]
[White "Das, Arghyadip"]
[Black "Harshad S"]
[Result "1/2-1/2"]
[ECO "B90"]
[WhiteElo "2459"]
[BlackElo "2291"]
[Annotator "ChessBase"]
[PlyCount "93"]
[EventDate "2018.12.08"]
[EventType "swiss"]
[EventRounds "11"]
[EventCountry "IND"]
[SourceTitle "playchess.com"]
[Source "ChessBase"]
[SourceQuality "1"]
[TimeControl "40/5400+30:1800+30"]

1. e4 c5 2. Nf3 d6 3. d4 cxd4 4. Nxd4 Nf6 5. Nc3 a6 6. h3 e5 7. Nde2 Be6 8. g4 h6 9. Bg2 Be7 10. Be3 Nbd7 11. Ng3 Qc7 12. Nd5 Bxd5 13. exd5 Rc8 14. O-O O-O 15. Nf5 Rfe8 16. Nxe7+ Rxe7 17. c4 Ree8 18. Rc1 a5 19. a3 e4 20. Bd4 Nc5 21. Rc3 a4 22. Bxc5 Qxc5 23. Qxa4 e3 24. Qc2 Qd4 25. Bf3 Nd7 26. Kg2 Nf8 27. fxe3 Rxe3 28. Qf2 Rd3 29. Rxd3 Qxd3 30. Be2 Qe4+ 31. Qf3 Qe7 32. Bd3 Nd7 33. b3 g6 34. a4 Ne5 35. Qe3 Qc7 36. Be2 Kg7 37. Qf2 Qe7 38. Qd4 Kg8 39. Qe3 Qf8 40. Qf4 Nd7 41. Bd3 Ne5 42. Bc2 Kg7 43. Qf6+ Kg8 44. Rf2 Nd7 45. Qf4 Kg7 46. Qd4+ Ne5 47. Bd3 1/2-1/2

[Event "IND-ch Senior Open 2019"]
[Site "Mazitar"]
[Date "2019.12.12"]
[Round "4.13"]
[White "Roy Chowdhury, Saptarshi"]
[Black "Shyaamnikhil P"]
[Result "1/2-1/2"]
[ECO "A46"]
[WhiteElo "2294"]
[BlackElo "2455"]
[Annotator "ChessBase"]
[PlyCount "81"]
[EventDate "2018.12.08"]
[EventType "swiss"]
[EventRounds "11"]
[EventCountry "IND"]
[SourceTitle "playchess.com"]
[Source "ChessBase"]
[SourceQuality "1"]
[TimeControl "40/5400+30:1800+30"]

1. d4 Nf6 2. Nf3 e6 3. e3 b6 4. Bd3 Bb7 5. O-O c5 6. c4 Be7 7. Nc3 cxd4 8. Nxd4 O-O 9. b3 Nc6 10. Nxc6 Bxc6 11. Bb2 Qb8 12. Nb5 Rd8 13. Nd4 Bb7 14. Qe2 Qc7 15. e4 d6 16. f4 a6 17. Kh1 Nd7 18. Rae1 Bf6 19. Bb1 Re8 20. f5 Re7 21. Rd1 Bxd4 22. Bxd4 exf5 23. Rxf5 Rae8 24. Rf4 Ne5 25. Qf2 b5 26. cxb5 axb5 27. Rf1 f6 28. a4 Ng6 29. Rf5 bxa4 30. bxa4 Bxe4 31. Bb6 Qc6 32. Bxe4 Rxe4 33. a5 Ne5 34. h3 Ra4 35. Qg3 Kh8 36. Qf2 Kg8 37. Qg3 Kh8 38. Qf2 Ra3 39. Rh5 Qe4 40. Rh4 Qg6 41. Rd4 1/2-1/2

[Event "IND-ch Senior Open 2019"]
[Site "Mazitar"]
[Date "2019.12.12"]
[Round "4.14"]
[White "Das, Sayantan"]
[Black "Ritviz, Parab"]
[Result "1/2-1/2"]
[ECO "E63"]
[WhiteElo "2440"]
[BlackElo "2280"]
[Annotator "ChessBase"]
[PlyCount "77"]
[EventDate "2018.12.08"]
[EventType "swiss"]
[EventRounds "11"]
[EventCountry "IND"]
[SourceTitle "playchess.com"]
[Source "ChessBase"]
[SourceQuality "1"]
[TimeControl "40/5400+30:1800+30"]

1. Nf3 Nf6 2. c4 g6 3. g3 Bg7 4. Bg2 d6 5. d4 O-O 6. O-O Nc6 7. Nc3 a6 8. Bf4 Rb8 9. Rc1 Bd7 10. c5 Nh5 11. Be3 e5 12. cxd6 cxd6 13. dxe5 dxe5 14. Bc5 Re8 15. Ne4 Be6 16. Qa4 Nd4 17. Nxd4 exd4 18. Rfd1 Bd7 19. Qb4 a5 20. Qc4 b5 21. Qd3 Bf5 22. Bxd4 Qe7 23. Bxg7 Nxg7 24. f3 Bxe4 25. Qxe4 Qa7+ 26. Qd4 Qxd4+ 27. Rxd4 Rxe2 28. Rcd1 Nf5 29. R4d2 Rxg2+ 30. Kxg2 Ne3+ 31. Kf2 Nxd1+ 32. Rxd1 Rc8 33. Ke3 Re8+ 34. Kf2 Rc8 35. Rd2 Kg7 36. f4 Rc5 37. Kf3 Kf6 38. a3 Ke6 39. Re2+ 1/2-1/2

[Event "IND-ch Senior Open 2019"]
[Site "Mazitar"]
[Date "2019.12.12"]
[Round "4.15"]
[White "Aaryan Varshney"]
[Black "Gusain, Himal"]
[Result "1/2-1/2"]
[ECO "A40"]
[WhiteElo "2269"]
[BlackElo "2412"]
[Annotator "ChessBase"]
[PlyCount "64"]
[EventDate "2018.12.08"]
[EventType "swiss"]
[EventRounds "11"]
[EventCountry "IND"]
[SourceTitle "playchess.com"]
[Source "ChessBase"]
[SourceQuality "1"]
[TimeControl "40/5400+30:1800+30"]

1. d4 g6 2. c4 Bg7 3. Nf3 d6 4. Nc3 Nd7 5. e4 e6 6. Be2 Ne7 7. O-O b6 8. Be3 Bb7 9. Qc2 h6 10. Rad1 O-O 11. Rfe1 f5 12. exf5 gxf5 13. Qc1 Kh7 14. b4 a6 15. a4 Nf6 16. b5 Ne4 17. Qc2 axb5 18. axb5 Qe8 19. Ra1 Qg6 20. Nh4 Qf6 21. Nf3 Nxc3 22. Qxc3 e5 23. Rxa8 Rxa8 24. dxe5 dxe5 25. Ra1 Rb8 26. Rd1 Qe6 27. Qd2 e4 28. Nd4 Qf6 29. g3 Rd8 30. Qc2 f4 31. gxf4 Kh8 32. Kf1 Qf5 {[%emt 0:00:30] Bxd1 -error} 1/2-1/2

[Event "IND-ch Senior Open 2019"]
[Site "Mazitar"]
[Date "2019.12.12"]
[Round "4.16"]
[White "Satyapragyan, Swayangsu"]
[Black "Gajwa Ankit"]
[Result "1-0"]
[ECO "C55"]
[WhiteElo "2412"]
[BlackElo "2274"]
[Annotator "ChessBase"]
[PlyCount "113"]
[EventDate "2018.12.08"]
[EventType "swiss"]
[EventRounds "11"]
[EventCountry "IND"]
[SourceTitle "playchess.com"]
[Source "ChessBase"]
[SourceQuality "1"]
[TimeControl "40/5400+30:1800+30"]

1. e4 e5 2. Nf3 Nc6 3. Bc4 Nf6 4. d3 Be7 5. O-O O-O 6. Re1 d6 7. a4 Na5 8. Ba2 c5 9. c3 Nc6 10. Na3 h6 11. h3 a6 12. Bd2 Rb8 13. Nc4 Be6 14. b4 b5 15. axb5 axb5 16. Na5 Nxa5 17. Bxe6 fxe6 18. Rxa5 cxb4 19. cxb4 Qd7 20. Be3 Rfc8 21. Qb3 Kf7 22. d4 exd4 23. Bxd4 Rc4 24. e5 Nd5 25. exd6 Bxd6 26. Bc5 Rc3 27. Qb1 Rc8 28. Ra6 Bf4 29. Raxe6 Qxe6 30. Rxe6 Rc1+ 31. Qxc1 Bxc1 32. Rd6 Nc3 33. Rd7+ Kg8 34. g3 Bb2 35. Rb7 Rd8 36. Kg2 Rd5 37. h4 Ne4 38. Rxb5 Kh7 39. Ra5 Nxc5 40. Rxc5 Rd3 41. b5 Rb3 42. Rd5 Kg6 43. Ne1 Kf6 44. Nd3 Ba3 45. Kf3 Ke6 46. Ke4 Rb1 47. Nf4+ Ke7 48. Kf5 Bb2 49. g4 Bc3 50. Ng6+ Kf7 51. f4 Rb4 52. h5 Bf6 53. Ne5+ Ke8 54. Nc6 Rb1 55. g5 hxg5 56. fxg5 Rf1+ 57. Kg6 1-0

[Event "IND-ch Senior Open 2019"]
[Site "Mazitar"]
[Date "2019.12.12"]
[Round "4.17"]
[White "Visakh N R"]
[Black "Pranav Vijay"]
[Result "1-0"]
[ECO "E15"]
[WhiteElo "2516"]
[BlackElo "2265"]
[Annotator "ChessBase"]
[PlyCount "119"]
[EventDate "2018.12.08"]
[EventType "swiss"]
[EventRounds "11"]
[EventCountry "IND"]
[SourceTitle "playchess.com"]
[Source "ChessBase"]
[SourceQuality "1"]
[TimeControl "40/5400+30:1800+30"]

1. d4 Nf6 2. c4 e6 3. Nf3 b6 4. g3 Ba6 5. b3 Bb7 6. Bg2 Bb4+ 7. Bd2 a5 8. O-O O-O 9. Bf4 a4 10. bxa4 d6 11. Qb3 Ba5 12. Na3 Nbd7 13. Rfd1 h6 14. Nb5 Ne4 15. Qc2 f5 16. Nd2 Bxd2 17. Bxd2 Ndf6 18. Be1 c6 19. Na3 Qe7 20. Rab1 Ra6 21. f3 Ng5 22. a5 Rfa8 23. Rd3 Nd7 24. Re3 Qf6 25. f4 Nf7 26. Bc3 d5 27. c5 b5 28. Qd2 Nd8 29. Nc2 Bc8 30. a4 bxa4 31. Ra1 R6a7 32. Rxa4 Ba6 33. Ra1 Qf7 34. Nb4 Bb5 35. Nd3 Nf6 36. Ne5 Qc7 37. Bb4 Ba6 38. Rb3 Nf7 39. Nxf7 Kxf7 40. Qc2 Bc4 41. Rb2 Bb5 42. e3 g5 43. Bf1 Bxf1 44. Rxf1 gxf4 45. exf4 h5 46. Be1 Ne4 47. Rb6 Kf6 48. Qa4 Rc8 49. Kh1 Qg7 50. Qb3 Qc7 51. Rg1 Rca8 52. Qf3 Kg6 53. Rg2 Rxa5 54. Bxa5 Rxa5 55. h3 Ra4 56. Qe3 Rc4 57. Kh2 Kf6 58. h4 Qc8 59. Qa3 Nc3 60. Qa7 1-0

[Event "IND-ch Senior Open 2019"]
[Site "Mazitar"]
[Date "2019.12.12"]
[Round "4.18"]
[White "Ravi, Teja S."]
[Black "Akshit Kumar J"]
[Result "1-0"]
[ECO "D45"]
[WhiteElo "2455"]
[BlackElo "2107"]
[Annotator "ChessBase"]
[PlyCount "85"]
[EventDate "2018.12.08"]
[EventType "swiss"]
[EventRounds "11"]
[EventCountry "IND"]
[SourceTitle "playchess.com"]
[Source "ChessBase"]
[SourceQuality "1"]
[TimeControl "40/5400+30:1800+30"]

1. d4 d5 2. c4 c6 3. Nf3 Nf6 4. Nc3 e6 5. e3 Nbd7 6. Qc2 Bd6 7. Bd3 dxc4 8. Bxc4 b5 9. Be2 Bb7 10. O-O O-O 11. e4 e5 12. dxe5 Nxe5 13. Nh4 g6 14. f4 Neg4 15. g3 Bc5+ 16. Kh1 Ne3 17. Bxe3 Bxe3 18. Ng2 Bd4 19. Bf3 Qb6 20. Rad1 Rad8 21. e5 Bxc3 22. Qxc3 Nd5 23. Qc1 Ne7 24. b4 Rxd1 25. Rxd1 Rd8 26. a3 Nf5 27. g4 Nd4 28. Be4 Nb3 29. Rxd8+ Qxd8 30. Qc2 Qd4 31. h4 Nd2 32. Qd3 Qxe4 33. Qxd2 c5 34. bxc5 Qf3 35. Kh2 Kg7 36. f5 gxf5 37. Qg5+ Kf8 38. gxf5 Qxg2+ 39. Qxg2 Bxg2 40. Kxg2 a5 41. c6 Ke8 42. c7 Kd7 43. e6+ 1-0

[Event "IND-ch Senior Open 2019"]
[Site "Mazitar"]
[Date "2019.12.12"]
[Round "4.19"]
[White "Bakre, Tejas"]
[Black "Priyanka, Kumari"]
[Result "1-0"]
[ECO "E98"]
[WhiteElo "2445"]
[BlackElo "1874"]
[Annotator "ChessBase"]
[PlyCount "60"]
[EventDate "2018.12.08"]
[EventType "swiss"]
[EventRounds "11"]
[EventCountry "IND"]
[SourceTitle "playchess.com"]
[Source "ChessBase"]
[SourceQuality "1"]
[TimeControl "40/5400+30:1800+30"]

1. d4 Nf6 2. c4 g6 3. Nc3 Bg7 4. e4 d6 5. Nf3 O-O 6. Be2 e5 7. O-O Nc6 8. d5 Ne7 9. Ne1 Nd7 10. Be3 f5 11. f3 f4 12. Bf2 g5 13. g4 fxg3 14. hxg3 h5 15. Qd2 Ng6 16. Be3 Bf6 17. Nd3 Nb6 18. b3 c5 19. Rf2 Rf7 20. Rh2 h4 21. gxh4 Nxh4 22. Kh1 Rg7 23. Rg1 Nd7 24. Nf2 Nf8 25. Nh3 Bxh3 26. Rxh3 Nh7 27. Bf1 Ng6 28. Qh2 Nf4 29. Bxf4 exf4 30. Bd3 Be5 {[%emt 0:00:00] d3 Bxc3 -error} 1-0

[Event "IND-ch Senior Open 2019"]
[Site "Mazitar"]
[Date "2019.12.12"]
[Round "4.20"]
[White "Manigandan, S S"]
[Black "Karthikeyan, P.."]
[Result "0-1"]
[ECO "E10"]
[WhiteElo "2164"]
[BlackElo "2423"]
[Annotator "ChessBase"]
[PlyCount "80"]
[EventDate "2018.12.08"]
[EventType "swiss"]
[EventRounds "11"]
[EventCountry "IND"]
[SourceTitle "playchess.com"]
[Source "ChessBase"]
[SourceQuality "1"]
[TimeControl "40/5400+30:1800+30"]

1. d4 Nf6 2. c4 e6 3. Nf3 a6 4. Nc3 Bb4 5. Bd2 O-O 6. g3 d5 7. Qb3 c5 8. dxc5 Bxc5 9. Bg2 Nc6 10. cxd5 exd5 11. O-O d4 12. Na4 Ba7 13. Rac1 Qe7 14. Qd3 Rd8 15. a3 h6 16. b4 Ne4 17. Ne5 Nxg3 18. Nxc6 Nxe2+ 19. Kh1 bxc6 20. Rce1 Re8 21. Bf3 Bh3 22. Bxe2 Bxf1 23. Bxf1 Qf6 24. Rxe8+ Rxe8 25. Kg1 Bb8 26. Nc5 a5 27. Nd7 Bxh2+ 28. Kxh2 Qxf2+ 29. Bg2 Re2 30. Qg3 Qxg3+ 31. Kxg3 Rxd2 32. Bxc6 Rd3+ 33. Kf4 axb4 34. axb4 Rh3 35. Kg4 Re3 36. Ba4 d3 37. Kf4 Rh3 38. Kg4 Rh1 39. b5 Ra1 40. Bb3 Rb1 0-1

[Event "IND-ch Senior Open 2019"]
[Site "Mazitar"]
[Date "2019.12.12"]
[Round "4.21"]
[White "Mohammad Nubairshah Shaikh"]
[Black "Anustoop Biswas"]
[Result "1-0"]
[ECO "D18"]
[WhiteElo "2421"]
[BlackElo "2087"]
[Annotator "ChessBase"]
[PlyCount "103"]
[EventDate "2018.12.08"]
[EventType "swiss"]
[EventRounds "11"]
[EventCountry "IND"]
[SourceTitle "playchess.com"]
[Source "ChessBase"]
[SourceQuality "1"]
[TimeControl "40/5400+30:1800+30"]

1. d4 d5 2. c4 c6 3. Nf3 Nf6 4. Nc3 dxc4 5. a4 Bf5 6. e3 e6 7. Bxc4 Bb4 8. O-O O-O 9. Nh4 Nbd7 10. f3 Bg6 11. Nxg6 hxg6 12. Qc2 Qe7 13. Rd1 Rfd8 14. Bd2 c5 15. Be1 cxd4 16. exd4 Nb6 17. Bb3 Rac8 18. Qe2 Nbd5 19. Rac1 Bxc3 20. bxc3 Qa3 21. Qa2 Qxa2 22. Bxa2 Ne3 23. Rd3 Nc4 24. Rb1 Rd7 25. Rb4 Na5 26. Rb5 Nc4 27. Bg3 Nd5 28. Rc5 Rxc5 29. dxc5 Na5 30. Kf2 Nc6 31. Bb3 Na5 32. Ba2 Nc6 33. Bc4 a6 34. Bd6 Nde7 35. Ke2 Kf8 36. f4 Kg8 37. g4 Nc8 38. Ke3 N6e7 39. Ke4 Nxd6+ 40. cxd6 Nc8 41. Ke5 Nb6 42. Bb3 Rd8 43. a5 Nd7+ 44. Kd4 Nf6 45. Kc5 Nd7+ 46. Kb4 g5 47. fxg5 Ne5 48. Rd1 Nxg4 49. g6 Ne3 50. Re1 Nf5 51. gxf7+ Kxf7 52. Bxe6+ {[%emt 0:00:32] g5} 1-0

[Event "IND-ch Senior Open 2019"]
[Site "Mazitar"]
[Date "2019.12.12"]
[Round "4.22"]
[White "Ramu, K.."]
[Black "Padmini, Rout"]
[Result "1/2-1/2"]
[ECO "B90"]
[WhiteElo "2113"]
[BlackElo "2407"]
[Annotator "ChessBase"]
[PlyCount "20"]
[EventDate "2018.12.08"]
[EventType "swiss"]
[EventRounds "11"]
[EventCountry "IND"]
[SourceTitle "playchess.com"]
[Source "ChessBase"]
[SourceQuality "1"]
[TimeControl "40/5400+30:1800+30"]

1. e4 c5 2. Nf3 d6 3. d4 cxd4 4. Nxd4 Nf6 5. Nc3 a6 6. Be3 Ng4 7. Bc1 Nf6 8. Be3 Ng4 9. Bc1 Nf6 10. Be3 Ng4 1/2-1/2

[Event "IND-ch Senior Open 2019"]
[Site "Mazitar"]
[Date "2019.12.12"]
[Round "4.23"]
[White "Rajesh, V A V"]
[Black "Arpan, Das"]
[Result "1-0"]
[ECO "E71"]
[WhiteElo "2393"]
[BlackElo "2112"]
[Annotator "ChessBase"]
[PlyCount "81"]
[EventDate "2018.12.08"]
[EventType "swiss"]
[EventRounds "11"]
[EventCountry "IND"]
[SourceTitle "playchess.com"]
[Source "ChessBase"]
[SourceQuality "1"]
[TimeControl "40/5400+30:1800+30"]

1. d4 Nf6 2. c4 g6 3. Nc3 Bg7 4. e4 d6 5. h3 Nbd7 6. Bd3 e5 7. d5 Nc5 8. Bc2 a5 9. Bg5 Bd7 10. Nf3 O-O 11. g4 c6 12. Be3 cxd5 13. cxd5 Qc7 14. a4 Rfb8 15. Qe2 Qb6 16. Nb5 Rc8 17. Nd2 Bf8 18. O-O Qd8 19. f3 Ne8 20. Nc4 Bxb5 21. axb5 b6 22. b3 Rab8 23. f4 exf4 24. Rxf4 Rb7 25. Raf1 Rcc7 26. Bd4 Bg7 27. Bxg7 Nxg7 28. Qf2 Re7 29. h4 h5 30. g5 Ne8 31. e5 dxe5 32. Nxe5 Rxe5 33. Rxf7 Rxg5+ 34. hxg5 Qxg5+ 35. Kh2 Qe5+ 36. Kh3 Nd6 37. Rxb7 Ncxb7 38. Qf8+ Kh7 39. Bxg6+ Kxg6 40. Rg1+ Kh7 41. Qg8+ 1-0